 Dungeon Crawl Stone Soup version 0.18-a0-488-gd7cbe10 (webtiles) character file.

292 Timinator the Changer (level 5, 0/41 HPs)
             Began as a Demigod Transmuter on Dec 2, 2015.
             Succumbed to an orc's poison
             ... on level 3 of the Dungeon.
             The game lasted 00:40:26 (2015 turns).

Timinator the Changer (Demigod Transmuter)          Turns: 2015, Time: 00:40:26

Health: 0/41       AC:  4    Str: 20    XL:     5   Next: 84%
Magic:  9/10       EV: 13    Int: 17    God:
Gold:   131        SH:  0    Dex: 16    Spells: 1 memorised, 6 levels left

rFire  . . .     SeeInvis .       - Unarmed
rCold  . . .     Clarity  .     r - +0 leather armour
rNeg   . . .     SustAt   +     (no shield)
rPois  .         Gourm    .     (no helmet)
rElec  .         Spirit   .     j - +0 cloak
rCorr  .         Dismiss  .     (no gloves)
rMut   .         Stasis   .     (boots currently unavailable)
MR     .....                    (no amulet)
Stlth  +.........               (no ring)
                                (no ring)

@: mighty, lethally poisoned (0 -> -9), appendage, flying, not resistant to
hostile enchantments, very unstealthy
A: talons 3, high mp 1, sustain attributes
a: End Transformation


You were on level 3 of the Dungeon.
You were not hungry.
You had grown temporary talons.
You visited 1 branch of the dungeon, and saw 3 of its levels.

You collected 131 gold pieces.

Inventory:

Hand Weapons
 f - a +2 dagger of holy wrath
 t - a +0 hunting sling
Missiles
 a - 34 arrows
 q - 100 stones (quivered)
Armour
 b - a +0 robe
 e - a +0 ring mail
 j - a +0 cloak (worn)
 r - a +0 leather armour (worn)
 B - a +0 cloak
Scrolls
 g - 2 scrolls of fear {unknown}
 h - 2 scrolls of teleportation {unknown}
 n - 3 scrolls of identify {unknown}
 p - a scroll of amnesia
 s - a scroll of magic mapping {unknown}
 v - 3 scrolls of random uselessness {unknown}
 w - 2 scrolls of remove curse {unknown}
 y - a scroll of noise {unknown}
Potions
 i - a potion of magic {unknown}
 l - a potion of brilliance {unknown}
Books
 c - a book of Changes

   Spells                             Type                      Level
   a - Beastly Appendage              Transmutation                1
   b - Sticks to Snakes               Transmutation                2
   c - Spider Form                    Transmutation/Poison         3
   d - Ice Form                       Ice/Transmutation            4
   e - Blade Hands                    Transmutation                5
Comestibles
 d - 4 bread rations
 m - a meat ration
 o - 3 beef jerkies
 z - a chunk of flesh
 A - a slice of pizza


   Skills:
 * Level 2.1 Fighting
 + Level 1.9 Armour
 + Level 2.6 Dodging
 - Level 0.4 Stealth
 + Level 3.6 Unarmed Combat
 - Level 1.7 Spellcasting
 * Level 3.7 Transmutations


You had 6 spell levels left.
You knew the following spells:

 Your Spells              Type           Power        Failure   Level  Hunger
a - Beastly Appendage     Trmt           ##....       6%          1    #......


Dungeon Overview and Level Annotations

Branches:
Dungeon (3/15)


Innate Abilities, Weirdness & Mutations

You have an increased reservoir of magic (+10% MP).
Your attributes are resistant to harm.
You have claws for feet.


Message History

The orc hits you with a dagger.
* * * LOW HITPOINT WARNING * * *
The orc hits you but does no damage.
You are lethally poisoned!
The orc hits you.
* * * LOW HITPOINT WARNING * * *
You closely miss the orc. You claw the orc.
You kill the orc!
* * * LOW HITPOINT WARNING * * *
You feel sick. The orc closely misses you.
The orc hits you with a dagger of venom.
* * * LOW HITPOINT WARNING * * *
The orc wizard gestures wildly while chanting.
The orc wizard flickers and vanishes!
Deactivating autopickup; reactivate with Ctrl-A.
Drink which item? (? for menu, Esc to quit)
It was a potion of flight.
You feel very buoyant.
You fly up into the air.
You die...

......##................# ..#
#..##...........#.####.###.#####
##.##.##................†...[...
#.##.##..........###....#######
#.#####################†# .#..
..................# ....
...#...#...#...#.# .
........o.).......#
#...#...#@..#...### #.##
......{)o[.......# #...#
################## ....
##.....#..#.## ...
##)..##..#....#### # #.#
#.###....###.........## # ..#
#.......## #####..##..# ## ..##
##......#### #..###.###. ...#
####...##....### #..........


You could see 2 orcs.

Vanquished Creatures
  Sigmund (D:3)
  A giant frog (D:3)
  2 adders
  An ooze (D:3)
  2 worms
  A giant gecko (D:2)
  2 orcs (D:3)
  3 giant cockroaches (D:1)
  4 goblins
  4 hobgoblins
  6 jackals (D:1)
  7 bats
  A giant newt (D:3)
  4 kobolds
  5 rats
44 creatures vanquished.

Notes
Turn   | Place    | Note
--------------------------------------------------------------
     0 | D:1      | Timinator the Demigod Transmuter began the quest for the Orb.
     0 | D:1      | Reached XP level 1. HP: 15/15 MP: 5/5
    91 | D:1      | Reached skill level 3 in Unarmed Combat
    93 | D:1      | Reached skill level 1 in Fighting
   507 | D:1      | Reached XP level 2. HP: 23/23 MP: 2/7
   734 | D:2      | Reached XP level 3. HP: 8/28 MP: 8/8
   958 | D:2      | Found a basalt altar of Yredelemnul.
  1620 | D:3      | Noticed Sigmund
  1627 | D:3      | Killed Sigmund
  1627 | D:3      | Reached skill level 1 in Armour
  1627 | D:3      | Reached XP level 4. HP: 31/36 MP: 7/9
  1627 | D:3      | Reached XP level 5. HP: 35/41 MP: 7/10
  2014 | D:3      | HP: 1/41 [orc/dagger of venom (5)]
  2015 | D:3      | Succumbed to an orc's poison

Vault maps used:
D:1:      minmay_arrival_arboretum_small
D:2:      kennysheep_ying_yang, yredelemnul_altar_generic
D:3:      lemuel_coloured_pillars_altar, makhleb_altar_promises_db, uniq_sigmund

Action                   |  1- 3 |  4- 6 || total
-------------------------+-------+-------++-------
Melee: Unarmed           |   147 |    37 ||   184
 Cast: Beastly Appendage |    17 |    10 ||    27
  Use: Scroll            |     1 |       ||     1
       Potion            |     1 |     3 ||     4
  Eat: Chunk             |     3 |     1 ||     4
